Construct Infanterie Kompanie
Selects Mechanized Battlegroup
Selects Mobile Repair Stations
Construct Panzergrenadier Kompanie
Selects Wespe Self-propelled Artillery
Construct Panzer Kompanie
Selects Zeroing Artillery Barrage
Zeroing Artillery Barrage
Panzergrenadier Officer Quarters
Wespe Self-propelled Artillery
Selects StuG Assault Group
Construct Luftwaffe Kompanie
Selects UNKNOWN (2160084)
Pak 40 Anti-tank Gun Team
Zeroing Artillery Barrage